 Dungeon Crawl Stone Soup version 0.22-a0-433-gd2a9cce0b5 (webtiles) character file.

32580 Ordine the Grappler (level 13, -1/60 HPs)
             Began as a Vine Stalker Fighter on May 29, 2018.
             Was an Elder of Cheibriados.
             Slain by an ice beast (5 damage)
             ... summoned by an ice statue
             ... in an ice cave.
             The game lasted 01:11:52 (12842 turns).

Ordine the Grappler (Vine Stalker Fighter)         Turns: 12842, Time: 01:11:53

Health: -1/60      AC:  2    Str: 30    XL:     13   Next: 65%
Magic:  0/28       EV: 14    Int: 22    God:    Cheibriados [****..]
Gold:   1149       SH: 16    Dex: 24    Spells: 12/19 levels left

rFire    . . .     SeeInvis .     - Unarmed
rCold    . . .     Gourm    .   b - +1 shield
rNeg     . . .     Faith    .   (no armour)
rPois    .         Spirit   +   p - +1 hat
rElec    .         Reflect  .   (no cloak)
rCorr    .         Harm     .   (no gloves)
MR       ++...                  v - +0 pair of boots
Stlth    +++.......             q - amulet "Qealaconn" {Acrobat Stlth+}
HPRegen  1.00/turn              k - ring of magical power
MPRegen  0.21/turn              o - ring of protection from magic

@: very slow
A: fangs 3, regeneration 2, magic shield, antimagic bite, no potion heal 3, rot
immunity
a: Bend Time, Temporal Distortion, Slouch, Renounce Religion


You were in an ice cave.
You worshipped Cheibriados.
Cheibriados was greatly pleased with you.
You were not hungry.

You visited 3 branches of the dungeon, and saw 19 of its levels.
You also visited: Sewer and Ice Cave.

You collected 1149 gold pieces.

Inventory:

Armour
 b - a +1 shield (worn)
 e - a +2 leather armour of poison resistance
 p - a +1 hat (worn)
 v - a +0 pair of boots (worn)
 w - a +0 troll leather armour
Jewellery
 k - a ring of magical power (left hand)
 o - a ring of protection from magic (right hand)
 q - the amulet "Qealaconn" (around neck) {Acrobat Stlth+}
   (You found it on level 5 of the Dungeon)

   [amulet of the acrobat]

   It helps you evade while moving and waiting.
   It makes you more stealthy.
 x - an uncursed ring of flight
Wands
 c - a wand of polymorph (23)
 i - a wand of iceblast (21)
 s - a wand of paralysis (13)
 u - a wand of disintegration (33)
 F - a wand of enslavement (23)
 H - a wand of acid (9)
Scrolls
 a - 4 scrolls of enchant weapon
 g - 2 scrolls of amnesia
 h - 13 scrolls of remove curse
 m - 2 scrolls of fear
 n - 5 scrolls of teleportation
 t - a scroll of magic mapping
 B - a scroll of fog
 C - a scroll of enchant armour
 D - a scroll of blinking
 E - a scroll of immolation
 J - a scroll of silence
Potions
 f - a potion of invisibility
 j - 3 potions of flight
 l - 11 potions of curing
 r - a potion of resistance
 z - 2 potions of lignification
Miscellaneous
 y - a fan of gales
 A - a phantom mirror
Comestibles
 d - 37 rations
 I - 10 chunks of flesh


   Skills:
 - Level 3.0 Fighting
 - Level 3.0 Armour
 - Level 3.0 Dodging
 * Level 12.0 Shields
 - Level 14.0 Unarmed Combat
 - Level 3.9 Spellcasting
 - Level 4.0 Necromancy
 - Level 4.0 Transmutations
 - Level 4.0 Earth Magic
 - Level 5.5 Invocations
 - Level 5.3 Evocations


You had 12 spell levels left.
You knew the following spells:

 Your Spells              Type           Power        Failure   Level  Hunger
a - Passwall              Tmut/Erth      ###.....     4%          2    #......
b - Borgnjor's Vile Clut  Necr/Erth      ###.......   65%         5    ######.

Your spell library contained the following spells:

 Spells                   Type           Power        Failure   Level  Hunger
 Conjure Flame            Conj/Fire      #.......     45%         3    ###....
 Bolt of Magma            Conj/Fire/Erth ##........   95%         5    ######.
 Freezing Cloud           Conj/Ice/Air   #.........   100%        6    #######
 Mephitic Cloud           Conj/Pois/Air  #.......     45%         3    ###....
 Ring of Flames           Chrm/Fire      #.........   100%        7    #######
 Summon Ice Beast         Ice/Summ       #.......     86%         4    ####...
 Sublimation of Blood     Necr           ###.......   4%          2    #......
 Call Canine Familiar     Summ           #.......     45%         3    ###....
 Summon Butterflies       Summ           #.......     17%         1    None
 Simulacrum               Ice/Necr       ##........   100%        6    #######
 Summon Hydra             Summ           #.........   100%        7    #######
 Summon Mana Viper        Hex/Summ       #.......     99%         5    ######.
 Poisonous Vapours        Pois/Air       #.....       26%         2    #......


Dungeon Overview and Level Annotations

Branches:
Dungeon (12/15)            Temple (1/1) D:6            Lair (6/6) D:10
  Swamp (0/4) Lair:3        Snake (0/4) Lair:3        Slime (0/5) Lair:5
    Orc (0/2) D:9

Altars:
Ashenzari
Cheibriados
Dithmenos
Elyvilon
Fedhas
Gozag
Hepliaklqana
Kikubaaqudgha
Makhleb
Nemelex Xobeh
Okawaru
Qazlal
Ru
Sif Muna
Trog
Uskayaw
Vehumet
Wu Jian
Xom
Yredelemnul
Zin
The Shining One

Shops:
D:7 =   D:10 !   D:12 (

Annotations:
Lair:1 exclusion: hydra IceCv exclusion: 2 ice statues


Innate Abilities, Weirdness & Mutations

You have razor-sharp teeth.
You heal very quickly.
When hurt, damage is shared between your health and your magic reserves.
Your bite disrupts and absorbs the magic of your enemies.
Potions cannot restore your health.
You are immune to rotting.


Message History

You punch the white ugly thing! You bite the white ugly thing.
You drain its power.
You feel invigorated.
The white ugly thing is heavily wounded.
You are engulfed in freezing vapours.
* * * LOW HITPOINT WARNING * * *
You block the white ugly thing's attack.
Unknown command.
The ice statue glitters chillingly in the dim dungeon light.
The ice statue gestures at you. The shard of ice hits you!
* * * LOW HITPOINT WARNING * * *
Unknown command.
Unknown command.
The ice statue gestures.
There is an ice covered gate leading back out of this place here.
Unknown command.
The ice beast hits you.
* * * LOW HITPOINT WARNING * * *
The ice beast freezes you!
You die...

####
####...##
##........
##.........
##..........
#.....Y.8..8
#..Y......).
#.@u©....(.:
#..Y......$.
#.......8..8
##..........
##.........
##........
####...##
####


You could see 2 ice statues, a white ugly thing and 3 ice beasts.

Vanquished Creatures
  Snorg (Lair:5)
  The ghost of kusayu the Cruncher, a journeyman GrGl of Okawaru (Lair:3)
  A death yak (Lair:4)
  An ugly thing (IceCv)
  A cyclops (D:7)
  4 oklob plants (Lair:3)
  A black mamba (Lair:3)
  6 elephants (Lair:5)
  Joseph (D:7)
  A guardian serpent (Lair:3)
  Psyche (D:12)
  5 spiny frogs
  3 rime drakes
  6 komodo dragons
  3 polar bears (Lair:6)
  A troll (D:12)
  9 blink frogs
  5 dream sheep (Lair:6)
  10 hippogriffs
  2 wyverns
  40 yaks
  A basilisk (Lair:2)
  A human (D:9)
  2 hogs (D:9)
  2 vampire mosquitoes (Lair:6)
  4 swamp worms (Lair:3)
  2 insubstantial wisps (Lair:6)
  2 water moccasins
  2 porcupines (Lair:3)
  5 orc warriors
  A necrophage (D:12)
  An ogre (D:12)
  9 ice beasts
  4 sky beasts
  2 phantoms
  17 wolves
  3 centaurs
  9 crocodiles
  2 big kobolds
  8 bullfrogs
  A wyvern zombie (D:10)
  3 scorpions
  A water moccasin skeleton (D:4)
  5 killer bees
  8 wights
  2 howler monkeys
  An electric eel (Lair:3)
  4 centaur zombies
  4 crimson imps
  3 bullfrog zombies
  4 jellies
  5 hounds
  8 orc priests
  Ijyb (D:2)
  A centaur skeleton (D:4)
  Natasha (thrice) (D:2)
  2 bullfrog skeletons
  4 iguanas
  10 orc wizards
  2 hell rats (Lair:5)
  10 worker ants
  17 adders
  8 gnolls
  7 river rats
  3 shadow imps
  4 oozes (Lair:5)
  2 adder zombies
  4 worms
  3 leopard geckos
  24 orcs
  2 ball pythons
  7 bats
  7 giant cockroaches
  11 goblins
  9 hobgoblins
  21 jackals
  A quokka (D:4)
  6 frilled lizards
  16 kobolds
  3 quokka skeletons
  A quokka zombie (D:5)
  17 rats
435 creatures vanquished.

Vanquished Creatures (others)
  2 vampire mosquitoes (Lair:6)
  4 fungi
  8 plants
14 creatures vanquished.

Grand Total: 449 creatures vanquished

Notes
Turn   | Place    | Note
-------+----------+-------------------------------------------
     0 | D:1      | Ordine the Vine Stalker Fighter began the quest for the Orb.
     0 | D:1      | Reached XP level 1. HP: 11/11 MP: 2/2
    67 | D:1      | Reached XP level 2. HP: 11/16 MP: 3/3
   589 | D:2      | Noticed Ijyb
   595 | D:2      | Reached skill level 3 in Unarmed Combat
   598 | D:2      | Reached XP level 3. HP: 20/20 MP: 4/4
   630 | D:2      | HP: 1/20 [disintegration (3)]
   642 | D:2      | Killed Ijyb
   698 | D:2      | Gained mutation: Your natural rate of healing is unusually fast. [Vine Stalker growth]
   698 | D:2      | Reached XP level 4. HP: 6/24 MP: 5/5
   970 | D:2      | Noticed Natasha
   989 | D:2      | Killed Natasha
   989 | D:2      | Reached skill level 4 in Unarmed Combat
  1031 | D:2      | Reached XP level 5. HP: 28/28 MP: 6/6
  1036 | D:2      | Noticed Natasha
  1043 | D:2      | Killed Natasha
  1310 | D:2      | Noticed Natasha
  1316 | D:2      | Killed Natasha
  1393 | D:2      | Reached skill level 5 in Unarmed Combat
  1426 | D:2      | Reached XP level 6. HP: 30/32 MP: 7/7
  1697 | D:3      | Found a faded altar of an unknown god.
  1954 | D:3      | Found a blossoming altar of Fedhas.
  1961 | D:3      | Found an iron altar of Okawaru.
  1961 | D:3      | Found a bloodstained altar of Trog.
  1963 | D:3      | Found a radiant altar of Vehumet.
  1964 | D:3      | Found a hide-covered altar of Uskayaw.
  1965 | D:3      | Found a white marble altar of Elyvilon.
  2185 | D:4      | Found a glowing drain.
  2201 | Sewer    | Entered a sewer
  2381 | Sewer    | Found a white marble altar of Elyvilon.
  2563 | D:4      | Reached skill level 6 in Unarmed Combat
  2674 | D:4      | Reached XP level 7. HP: 28/36 MP: 8/8
  3193 | D:5      | Entered Level 5 of the Dungeon
  3209 | D:5      | Reached skill level 7 in Unarmed Combat
  3244 | D:5      | Gained mutation: You have razor-sharp teeth. [Vine Stalker growth]
  3244 | D:5      | Reached XP level 8. HP: 37/40 MP: 9/9
  3369 | D:5      | Reached skill level 5 in Shields
  3621 | D:5      | Reached skill level 8 in Unarmed Combat
  3782 | D:5      | Got a scorched golden amulet
  3783 | D:5      | Identified the amulet "Qealaconn" {Acrobat Stlth+} (You found it on level 5 of the Dungeon)
  3798 | D:5      | Found a burning altar of Makhleb.
  3801 | D:5      | Found a glowing silver altar of Zin.
  3801 | D:5      | Noticed an angel
  3802 | D:5      | Noticed a green death
  4406 | D:6      | Found a staircase to the Ecumenical Temple.
  4415 | Temple   | Entered the Ecumenical Temple
  4520 | D:6      | Reached skill level 9 in Unarmed Combat
  4875 | D:7      | Reached XP level 9. HP: 40/44 MP: 10/10
  4893 | D:7      | Found Tadaziemm's Jewellery Emporium.
  5060 | D:7      | Noticed a cyclops
  5072 | D:7      | Killed a cyclops
  5072 | D:7      | Reached skill level 10 in Unarmed Combat
  5373 | D:7      | Noticed Joseph
  5384 | D:7      | Killed Joseph
  5384 | D:7      | Reached skill level 11 in Unarmed Combat
  5662 | D:8      | Reached XP level 10. HP: 27/49 MP: 11/11
  6060 | D:8      | Reached skill level 1 in Dodging
  6875 | D:9      | Found a shattered altar of Ashenzari.
  6891 | D:9      | Found a snail-covered altar of Cheibriados.
  6900 | D:9      | Became a worshipper of Cheibriados the Contemplative
  6989 | D:9      | Found a staircase to the Orcish Mines.
  7107 | D:9      | Reached skill level 1 in Invocations
  7116 | D:9      | Reached skill level 12 in Unarmed Combat
  7319 | D:10     | Entered Level 10 of the Dungeon
  7381 | D:9      | Reached skill level 1 in Evocations
  7381 | D:9      | Reached XP level 11. HP: 12/52 MP: 13/13
  7464 | D:9      | Reached * piety under Cheibriados
  7775 | D:10     | You fall through a shaft for 2 floors!
  7854 | D:12     | Noticed Psyche
  7873 | D:12     | Killed Psyche
  7873 | D:12     | Reached ** piety under Cheibriados
  7891 | D:12     | Found Ijawyub's Antique Weapon Shoppe.
  8173 | D:10     | Found a staircase to the Lair.
  8250 | D:10     | Found Weis's Distillery.
  8434 | Lair:1   | Entered Level 1 of the Lair of Beasts
  8628 | Lair:1   | Noticed a four-headed hydra
  8750 | Lair:1   | Reached skill level 13 in Unarmed Combat
  9061 | Lair:1   | Reached *** piety under Cheibriados
  9335 | Lair:2   | Reached skill level 10 in Shields
  9381 | Lair:2   | Gained mutation: You heal very quickly. [Vine Stalker growth]
  9381 | Lair:2   | Reached XP level 12. HP: 34/56 MP: 16/16
  9594 | Lair:2   | Reached skill level 5 in Invocations
 10134 | Lair:3   | Reached **** piety under Cheibriados
 10189 | Lair:3   | Reached skill level 5 in Evocations
 10254 | Lair:3   | Identified the Almanac of the Rocks and Evil
 10261 | Lair:3   | Learned a level 2 spell: Passwall
 10267 | Lair:3   | Learned a level 5 spell: Borgnjor's Vile Clutch
 10409 | Lair:3   | Reached skill level 14 in Unarmed Combat
 10439 | Lair:3   | Noticed kusayu's ghost (journeyman GrGl)
 10458 | Lair:3   | Killed kusayu's ghost
 10458 | Lair:3   | Reached skill level 1 in Spellcasting
 10458 | Lair:3   | Reached skill level 1 in Necromancy
 10458 | Lair:3   | Reached skill level 1 in Transmutations
 10458 | Lair:3   | Reached skill level 1 in Earth Magic
 10470 | Lair:3   | Found a staircase to the Snake Pit.
 10541 | Lair:3   | Reached ***** piety under Cheibriados
 10814 | Lair:3   | Found a staircase to the Swamp.
 11112 | Lair:4   | Noticed a death yak
 11141 | Lair:4   | HP: 2/56 [death yak (3)]
 11144 | Lair:4   | Killed a death yak
 11144 | Lair:4   | Reached XP level 13. HP: 4/60 MP: 18/18
 11299 | Lair:4   | Got an ancient rapier
 11301 | Lair:4   | Identified the +8 rapier of Circular Logic {pierce, *Corrode rElec rF+ Stlth+} (You found it on level 4 of the Lair of Beasts)
 11648 | Lair:5   | Noticed Snorg
 11668 | Lair:5   | Killed Snorg
 12000 | Lair:5   | Found a staircase to the Slime Pits.
 12589 | Lair:6   | Entered Level 6 of the Lair of Beasts
 12714 | Lair:6   | Found a frozen archway.
 12760 | IceCv    | Entered an ice cave
 12798 | IceCv    | Found a transporter.
 12840 | IceCv    | HP: 3/60 [ice statue/shard of ice (15)]
 12842 | IceCv    | Slain by an ice beast

Vault maps used:
D:1:      dpeg_arrival_oval
D:2:      kennysheep_the_goblin_king, minmay_pentomino_p2, uniq_natasha
D:3:      minitemple, chequers_ecumenical_altar_island, first_ration,
          chequers_big_river
D:4:      portal_sewer_entry_d
D:5:      grunt_temple_overflow_order_and_chaos_2
D:6:      minmay_temple_entry_nine_rooms
D:7:      serial_shops, shop, uniq_joseph
D:9:      chequers_temple_overflow_statue_of_worship, david_orc_4,
          grunt_livestock, kennysheep_potato
D:10:     david_lair_shrubbed, serial_shops, shop, kennysheep_generic_room_9
D:11:     basic_altar
D:12:     serial_shops, nicolae_shop_behind_doors, nicolae_shop_crystal, shop,
          uniq_erolcha, uniq_psyche
Temple:   nicolae_temple_hex_pool
Lair:3:   nicolae_swamp_entry_splash_gauntlet, minmay_snake_entry_spellcaster,
          lemuel_fruit_tree, serial_bayou_shore_b, minmay_lair_oklob_chamber
Lair:4:   beast_lair_carwin_3
Lair:5:   nicolae_slime_entry_slimehenge, kennysheep_rathole, uniq_snorg
Lair:6:   grunt_lair_end_beastmaster, portal_ice_cave_entry_animals_and_master,
          pond, serial_bayou_shore_a, serial_bayou_shore_b
Sewer:    sewer_kobolds
IceCv:    ice_cave_statue_garden_teleport

Skill      XL: |  1  2  3  4  5  6  7  8  9 10 11 12 13 |
---------------+----------------------------------------+-----
Fighting       | 3 |  3.0
Unarmed Combat | 3 4 5 6 7 9 11 12 13 14 | 14.0
Armour         | 3 |  3.0
Shields        | 3 4 6 7 9 10 12 | 12.0
Dodging        | 3 |  3.0
Invocations    | 1 4 5 |  5.5
Evocations     | 1 4 5 |  5.3
Spellcasting   | 2 3 |  3.9
Necromancy     | 2 4 |  4.0
Transmutations | 2 4 |  4.0
Earth Magic    | 2 4 |  4.0

Action                   |  1- 3 |  4- 6 |  7- 9 | 10-12 | 13-15 || total
-------------------------+-------+-------+-------+-------+-------++-------
Melee: Unarmed           |   110 |   245 |   379 |   684 |   202 ||  1620
       Bite              |    22 |    69 |   120 |   284 |   123 ||   618
Invok: Slouch            |       |       |       |     1 |     4 ||     5
Evoke: Wand              |       |       |       |    26 |       ||    26
  Use: Scroll            |     5 |     7 |     6 |     7 |     5 ||    30
       Potion            |     1 |     1 |     3 |     3 |     2 ||    10
 Stab: Sleeping          |       |       |     6 |     9 |     1 ||    16
  Eat: Chunk             |       |     5 |    11 |    13 |     4 ||    33
Armor: Scale mail        |    38 |    26 |       |       |       ||    64
       Leather armour    |       |    35 |    71 |    61 |    35 ||   202
       Skin              |       |       |     4 |       |     4 ||     8
       Troll leather arm |       |       |       |     5 |       ||     5
Dodge: Dodged            |    31 |    59 |   110 |   246 |   101 ||   547
Block: Shield            |    63 |   103 |   184 |   350 |   171 ||   871

Table legend:
 A = Spawn XP
 B = Non-spawn XP
 C = Spawn XP percentage of total XP
 D = Spawn monster count
 E = Non-spawn monster count
 F = Spawn count percentage of total count
 G = Total turns spent on level
                    A         B        C        D         E        F      G
               +---------+---------+-------+---------+---------+-------+---------
         Total |       0 |   46544 |   0.0 |       0 |     435 |   0.0 | 12842
               +---------+---------+-------+---------+---------+-------+---------
           D:1 |       0 |      30 |   0.0 |       0 |      19 |   0.0 |   607
           D:2 |       0 |     298 |   0.0 |       0 |      34 |   0.0 |   841
           D:3 |       0 |      62 |   0.0 |       0 |      21 |   0.0 |   778
           D:4 |       0 |     445 |   0.0 |       0 |      19 |   0.0 |   741
           D:5 |       0 |     813 |   0.0 |       0 |      33 |   0.0 |   784
           D:6 |       0 |     361 |   0.0 |       0 |      10 |   0.0 |   692
           D:7 |       0 |    2210 |   0.0 |       0 |      33 |   0.0 |   729
           D:8 |       0 |    1833 |   0.0 |       0 |      32 |   0.0 |   935
           D:9 |       0 |    3533 |   0.0 |       0 |      35 |   0.0 |   992
          D:10 |       0 |    2619 |   0.0 |       0 |      26 |   0.0 |   701
          D:11 |       0 |      62 |   0.0 |       0 |       3 |   0.0 |    63
          D:12 |       0 |    1175 |   0.0 |       0 |      11 |   0.0 |   265
        Lair:1 |       0 |    2941 |   0.0 |       0 |      13 |   0.0 |   765
        Lair:2 |       0 |    4113 |   0.0 |       0 |      17 |   0.0 |   870
        Lair:3 |       0 |    8941 |   0.0 |       0 |      30 |   0.0 |   755
        Lair:4 |       0 |    3584 |   0.0 |       0 |      21 |   0.0 |   815
        Lair:5 |       0 |    5933 |   0.0 |       0 |      31 |   0.0 |   952
        Lair:6 |       0 |    6126 |   0.0 |       0 |      27 |   0.0 |   153
         Sewer |       0 |     130 |   0.0 |       0 |      13 |   0.0 |   226
         IceCv |       0 |    1335 |   0.0 |       0 |       7 |   0.0 |    82
               +---------+---------+-------+---------+---------+-------+---------
